 Dungeon Crawl Stone Soup version 0.29.1-2-gbd0b4ee654 (webtiles) character file.

Game seed: 10181055022698501897

1969 Icepheonix32 the Ducker (level 9, 0/51 (53) HPs)
             Began as an Octopode Transmuter on Nov 20, 2022.
             Was an Initiate of Gozag.
             Slain by a water moccasin (7 damage)
             ... on level 7 of the Dungeon.
             The game lasted 00:13:04 (8575 turns).

Icepheonix32 the Ducker (Octopode Transmuter)       Turns: 8575, Time: 00:13:06

HP:   0/51 (53)     AC:  1    Str: 12    XL:     9   Next: 20%
MP:   0/10          EV: 16    Int: 19    God:    Gozag
Gold: 184           SH:  0    Dex: 14    Spells: 3/12 levels left

rFire   . . .      SeeInvis .   b - +4 hammer of Uncertain Death {vorpal, Int+4}
rCold   . . .      Faith    .   (no shield)
rNeg    . . .      Spirit   +   (helmet currently unavailable)
rPois   .          Reflect  .   e - amulet of guardian spirit
rElec   .          Harm     .   n - ring of fire
rCorr   .          Rampage  .   w - ring of ice
Will    .....      Rage     3%  (no ring)
Stlth   ++........              (no ring)
HPRegen 0.17/turn               (no ring)
MPRegen 0.12/turn               (no ring)
                                (no ring)
                                (no ring)

@: lethally poisoned (0 -> -12), appendages (expiring), wereblooded, hasted,
lightly drained, very quick
A: tentacle spike 3, almost no armour, amphibious, 8 rings, camouflage 1,
gelatinous body 1, (nimble swimmer 1), tentacles, antennae 1, berserk 1, low MP
1
a: End Transformation, Renounce Religion, Potion Petition, Call Merchant, Bribe
Branch


You were on level 7 of the Dungeon.
You worshipped Gozag.
Gozag was aware of your devotion.
One of your tentacles had grown a beastly spike.
You visited 2 branches of the dungeon, and saw 8 of its levels.
You also visited: Sewer.

You collected 1128 gold pieces.
You spent 140 gold pieces at shops.
You paid 804 gold pieces to Gozag.

Inventory:

Hand Weapons
 b - the +4 hammer of Uncertain Death (weapon) {vorpal, Int+4}
   (You found it on level 5 of the Dungeon)

   It inflicts extra damage upon your enemies.
   Int:       It affects your intelligence (+4).
 d - the +4 hammer of the Poles {vorpal, rElec Str-4 Int+2 Dex+2}
   (You found it on level 5 of the Dungeon)

   It inflicts extra damage upon your enemies.
   Str:       It affects your strength (-4).
   Int:       It affects your intelligence (+2).
   Dex:       It affects your dexterity (+2).
   rElec:     It insulates you from electricity.
 m - a +3 dagger of speed
Missiles
 k - 2 throwing nets
Magical Staves
 t - a staff of air
Jewellery
 e - an amulet of guardian spirit (around mantle)
 g - an amulet of magic regeneration
 n - a ring of fire (left tentacle)
 w - a ring of ice (right tentacle)
Wands
 a - a wand of flame (15)
 x - a wand of paralysis (7)
Scrolls
 f - 6 scrolls of teleportation
 l - 3 scrolls of enchant armour
 p - a scroll of butterflies
 q - a scroll of brand weapon
 r - a scroll of poison
 s - 2 scrolls of identify
 u - a scroll of magic mapping
 v - 2 scrolls of fear
 y - 2 scrolls of blinking {unknown}
Potions
 c - 8 potions of flight
 h - 5 potions of brilliance
 i - 2 potions of curing
 o - 3 potions of might
 z - a potion of attraction {unknown}


   Skills:
 - Level 1.0 Fighting
 + Level 2.4 Maces & Flails
 * Level 6.9 Dodging
 + Level 6.0 Unarmed Combat
 - Level 2.0 Spellcasting
 * Level 3.4 Hexes
 + Level 5.5 Transmutations
 * Level 4.5 Poison Magic
 + Level 0.4 Evocations


You had 3 spell levels left.
You knew the following spells:

 Your Spells              Type           Power      Damage    Failure   Level
a - Beastly Appendage     Tmut           44%        N/A       1%          1
b - Spider Form           Tmut/Pois      20%        N/A       6%          3
c - Wereblood             Tmut           22%        N/A       2%          2
d - Confusing Touch       Hex            14%        N/A       12%         3

Your spell library contained the following spells:

 Spells                   Type           Power      Damage    Failure   Level
 Foxfire                  Conj/Fire      8%         2x1d4     17%         1
 Inner Flame              Hex/Fire       12%        N/A       26%         3
 Conjure Flame            Conj/Fire      2%         6-21      45%         3
 Ice Form                 Ice/Tmut       18%        N/A       47%         4
 Petrify                  Tmut/Erth      12%        N/A       47%         4
 Alistair's Intoxication  Tmut/Pois      13%        N/A       52%         5
 Yara's Violent Unravell  Hex/Tmut       9%         3d6       58%         5
 Flame Wave               Conj/Fire      2%         2d4       86%         4
 Fireball                 Conj/Fire      1%         3d3       99%         5
 Iskenderun's Battlesphe  Conj           1%         2d6       99%         5
 Conjure Ball Lightning   Conj/Air       0%         3x3d6     100%        6
 Enfeeble                 Hex            7%         N/A       100%        7
 Orb of Destruction       Conj           0%         9d5       100%        7


Dungeon Overview and Level Annotations

Branches:
Dungeon (7/15)             Temple (1/1) D:4           Sewer (visited)

Altars:
Cheibriados
Dithmenos
Fedhas
Gozag
Nemelex Xobeh
Sif Muna
Vehumet
Wu Jian
The Shining One

Shops:
D:3 [   D:6 *   D:7 ?


Innate Abilities, Weirdness & Mutations

One of your tentacles has grown a beastly spike.
You cannot wear most types of armour.
You are amphibious.
You can wear up to eight rings at the same time.
Your skin changes colour to match your surroundings (Stealth+).
Your rubbery body absorbs attacks. (AC +1, EV +1)
((You are camouflaged when in or above water. (Stealth+)))
You have tentacles for arms and can constrict up to eight enemies at once.
You have a pair of small antennae on your head.
You sometimes lose your temper in combat.
Your magical capacity is low. (-10% MP)


Message History

* * * LOW HITPOINT WARNING * * *
You feel better.
The water moccasin completely misses you.
The iguana misses you. The howler monkey closely misses you.
Unknown command.
The iguana attacks as you move away! The iguana barely misses you.
The howler monkey hoots and howls with incredible vigour!
The water moccasin bites you.
* * * LOW HITPOINT WARNING * * *
You are lethally poisoned!
The water moccasin poisons you!
Okay, then.
You feel better. The water moccasin misses you.
You feel yourself speed up. The howler monkey hits you.
* * * LOW HITPOINT WARNING * * *
The water moccasin misses you.
Unknown command.
The howler monkey hoots and howls with incredible vigour!
You barely miss the water moccasin. You grab the water moccasin.
You pierce the water moccasin.
The water moccasin is lightly wounded.
You constrict the water moccasin, but do no damage.
The water moccasin closely misses you. The water moccasin barely misses you.
You hit the water moccasin but do no damage.
You pierce the water moccasin.
You squeeze the water moccasin, but do no damage.
The water moccasin is moderately wounded.
Your transformation is almost over.
You constrict the water moccasin. The water moccasin bites you.
* * * LOW HITPOINT WARNING * * *
You are lethally poisoned!
The water moccasin poisons you!
You sock the water moccasin!
You pierce the water moccasin.
The water moccasin is almost dead.
You constrict the water moccasin.
* * * LOW HITPOINT WARNING * * *
You feel very sick. The water moccasin bites you!
You die...
Your body crumbles into a pile of gold.

#.# #(#.#.#.#.#.#.#.## #.#
#.##.#.#.#.#.#.#.# #.#
#.#.#.#.#.#.#.#..# #.#
#.##)#.#.#.#.#... #.#
#.......#.#.#.#. #.#
#....<...#.#.#... #.#
#......)#.#.#.#.#. ###.##
#........#.#.#.#.# #....#
#@......#.#.......
#....#######S##+#.#.........#
#....#..$..nh#.#.#.#.........
#............##.#.#.....#.#.#
#....#....l.##.#.#.#..(..#.#.
#....#......###.#.#.....#.#.#
###.##......##.#...#.#.#.#.#.
#.###..##..##..∩?..........
#! #........##...#########.


You could see a water moccasin, a necrophage, a howler monkey and an iguana.

Vanquished Creatures
  Grinder (D:3)
  Eustachio (D:4)
  Edmund (D:4)
  An ice beast (D:5)
  An ogre (D:5)
  A black bear (D:6)
  A centaur (D:7)
  A phantom (D:5)
  A kobold brigand (D:7)
  2 bullfrogs
  A necrophage (D:5)
  A scorpion (D:5)
  A howler monkey (D:5)
  4 hounds
  Crazy Yiuf (D:5)
  Jessica (D:3)
  Natasha (twice) (D:2)
  3 iguanas
  6 orc wizards
  3 river rats
  11 adders
  A shadow imp (D:5)
  A white imp (D:5)
  3 ufetubi
  A worm (D:3)
  4 dart slugs
  21 orcs
  4 endoplasms
  7 giant cockroaches
  3 goblins (D:1)
  3 hobgoblins
  5 jackals
  9 quokkas
  9 ball pythons
  18 bats
  2 frilled lizards
  11 kobolds
  6 rats
153 creatures vanquished.

Vanquished Creatures (others)
  2 plants (D:7)
2 creatures vanquished.

Grand Total: 155 creatures vanquished

Notes
Turn   | Place    | Note
-------+----------+-------------------------------------------
     0 | D:1      | Icepheonix32 the Octopode Transmuter began the quest for
                  | the Orb.
     0 | D:1      | Reached XP level 1. HP: 13/13 MP: 3/3
    14 | D:1      | Found a faded altar of an unknown god.
   253 | D:1      | Reached XP level 2. HP: 18/18 MP: 5/5
   961 | D:1      | Reached XP level 3. HP: 23/23 MP: 6/6
  1317 | D:2      | Noticed Natasha
  1323 | D:2      | Killed Natasha
  1338 | D:2      | Reached XP level 4. HP: 15/28 MP: 3/7
  1346 | D:2      | Learned a level 3 spell: Spider Form
  1349 | D:2      | Learned a level 2 spell: Wereblood
  1518 | D:2      | Noticed Natasha
  1528 | D:2      | Killed Natasha
  1606 | D:2      | You fall into a shaft and drop 2 floors!
  1790 | D:3      | Reached XP level 5. HP: 19/33 MP: 0/8
  1903 | D:3      | Noticed Jessica
  1910 | D:3      | Killed Jessica
  1916 | D:3      | Found a shadowy altar of Dithmenos.
  2104 | D:3      | Found an ornate altar of the Wu Jian Council.
  2199 | D:3      | Found Xus Doh's Antique Armour Boutique.
  2243 | D:3      | Noticed Grinder
  2252 | D:3      | Paralysed by Grinder for 3 turns
  2270 | D:3      | Paralysed by Grinder for 2 turns
  2273 | D:3      | Killed Grinder
  2274 | D:3      | Reached XP level 6. HP: 30/38 MP: 6/9
  2524 | D:4      | Gained mutation: Your spells are a little easier to cast,
                  | but a little less powerful. [potion of mutation]
  2524 | D:4      | Gained mutation: You are somewhat resistant to further
                  | mutation. [potion of mutation]
  2535 | D:4      | Learned a level 3 spell: Confusing Touch
  2597 | D:4      | Noticed Edmund
  2618 | D:4      | Killed Edmund
  2619 | D:4      | Reached skill level 5 in Unarmed Combat
  2619 | D:4      | Reached XP level 7. HP: 26/43 MP: 1/10
  2791 | D:4      | Found a staircase to the Ecumenical Temple.
  2812 | Temple   | Entered the Ecumenical Temple
  2823 | Temple   | Became a worshipper of Gozag Ym Sagoz the Greedy
  2885 | D:4      | Noticed Eustachio
  2907 | D:4      | Killed Eustachio
  2908 | D:4      | Reached skill level 5 in Dodging
  2908 | D:4      | Reached skill level 1 in Hexes
  2908 | D:4      | Reached skill level 1 in Poison Magic
  2913 | D:4      | Got Sif Muna's Papyrus of Transfiguration
  3879 | D:5      | Entered Level 5 of the Dungeon
  4074 | D:5      | Lost mutation: You are somewhat resistant to further
                  | mutation. [potion of mutation]
  4074 | D:5      | Lost mutation: Your spells are a little easier to cast, but
                  | a little less powerful. [potion of mutation]
  4074 | D:5      | Gained mutation: Your magical capacity is low. (-10% MP)
                  | [potion of mutation]
  4074 | D:5      | Gained mutation: You have a pair of small antennae on your
                  | head. [potion of mutation]
  4074 | D:5      | Gained mutation: You sometimes lose your temper in combat.
                  | [potion of mutation]
  4167 | D:5      | Reached XP level 8. HP: 47/48 MP: 8/9
  4512 | D:5      | Reached skill level 5 in Transmutations
  4524 | D:5      | Identified the +4 hammer of Uncertain Death {vorpal, Int+4}
  4529 | D:5      | Identified the +4 hammer of the Poles {vorpal, rElec Str-4
                  | Int+2 Dex+2}
  4668 | D:5      | Found a runed translucent door.
  5063 | D:5      | Noticed Crazy Yiuf
  5507 | D:5      | Killed Crazy Yiuf
  5798 | D:6      | Found a glowing drain.
  5807 | Sewer    | Entered a sewer
  6687 | D:6      | Reached skill level 1 in Maces & Flails
  6785 | D:6      | Identified the +5 ring mail of the Arcane {rPois}
  6903 | D:6      | Reached XP level 9. HP: 39/53 MP: 6/10
  7545 | D:6      | Bought a potion of might for 56 gold pieces
  7545 | D:6      | Bought a potion of curing for 42 gold pieces
  7545 | D:6      | Bought a scroll of teleportation for 42 gold pieces
  7638 | D:7      | Found Iwenem's Magic Scroll Shoppe.
  8575 | D:7      | Slain by a water moccasin

Illustrated notes

Levels and vault maps discovered:
D:1:      minmay_arrival_solitary_statue, layout_rooms,
          chequers_ecumenical_altar_simple, hex_tiny, eino_curves_03,
          hangedman_feature_mirror, minmay_hexomino_u4
D:2:      layout_rooms, serial_shops, shop, uniq_sigmund, uniq_natasha
D:3:      layout_rooms, mainiacjoe_overflow_large_starburst, serial_shops,
          nicolae_shop_behind_doors, uniq_grinder, uniq_jessica
D:4:      layout_cave_pods, minmay_temple_entry_large_hall, uniq_edmund,
          uniq_eustachio
D:5:      minmay_chambers_of_threes, layout_gridville, uniq_crazy_yiuf_cottage
D:6:      layout_loops_corners, portal_sewer_entry_b
D:7:      layout_basic, minitemple, serial_shops, shop_scrolls,
          serial_bayou_pond_a, st_stairs_5
Temple:   nicolae_temple_ecumenical_triangle

Skill      XL: |  1  2  3  4  5  6  7  8  9 |
---------------+----------------------------+-----
Dodging        | 3 4 5 6 |  6.9
Unarmed Combat | 4 5 6 |  6.0
Transmutations | 3 4 5 |  5.5
Hexes          | 1 3 |  3.4
Poison Magic   | 2 4 |  4.5
Maces & Flails | 1 2 |  2.4
Fighting       | |  1.0
Spellcasting   | |  2.0
Evocations     | |  0.4

Action                   |  1- 3 |  4- 6 |  7- 9 || total
-------------------------+-------+-------+-------++-------
Melee: Unarmed           |    48 |    20 |    93 ||   161
       Tentacles         |    23 |    15 |    41 ||    79
       Constrict         |    14 |    20 |    27 ||    61
       Kick              |     4 |    15 |    24 ||    43
       Dagger            |    19 |    73 |    58 ||   150
       Punch             |       |     3 |     5 ||     8
       Mace              |       |       |    95 ||    95
 Cast: Beastly Appendage |     9 |    14 |    25 ||    48
       Wereblood         |       |     2 |     7 ||     9
       Spider Form       |       |     3 |     9 ||    12
       Confusing Touch   |       |       |     2 ||     2
Invok: Call Merchant     |       |       |     1 ||     1
Evoke: Wand              |       |       |     2 ||     2
  Use: Potion            |       |     2 |     6 ||     8
       Scroll            |       |    10 |     7 ||    17
 Stab: Sleeping          |     5 |     4 |     8 ||    17
       Confused          |       |       |     2 ||     2
Armor: Skin              |    10 |    12 |    16 ||    38
Dodge: Dodged            |    57 |    43 |   248 ||   348
